 Dungeon Crawl Stone Soup version 0.28.0 (webtiles) character file.

Game seed: 18233310494166794501

65 AmazingTV the Shield-Bearer (level 3, 0/33 HPs)
             Began as a Minotaur Fighter on July 14, 2022.
             Succumbed to an orc priest's poison
             ... on level 3 of the Dungeon.
             The game lasted 00:04:13 (1702 turns).

AmazingTV the Shield-Bearer (Minotaur Fighter)      Turns: 1702, Time: 00:04:13

Health: 0/33       AC:  0    Str: 21 (22) XL:     3   Next: 92%
Magic:  2/2        EV: 10    Int: 11 (13) God:
Gold:   144        SH:  4    Dex:  6 (9)  Spells: 2/2 levels left

rFire   + . .      SeeInvis .   a - +0 war axe {axe}
rCold   + + +      Faith    .   c - +0 buckler
rNeg    . . .      Spirit   .   h - +1 robe of Fallacy {*Corrode rC++ Int+8 Slay+6}
rPois   +          Reflect  .   (helmet restricted)
rElec   +          Harm     .   (no cloak)
rCorr   +          Rampage  .   (no gloves)
Will    .....                   (no boots)
Stlth   +.........              (no amulet)
HPRegen 0.11/turn               (no ring)
MPRegen 0.08/turn               (no ring)

@: lethally poisoned (0 -> -11), resistant, corroded, hasted, very quick
A: horns 2, retaliatory headbutt
a: no special abilities


You were on level 3 of the Dungeon.
You visited 1 branch of the dungeon, and saw 3 of its levels.

You collected 144 gold pieces.


Innate Abilities, Weirdness & Mutations

You have a pair of horns on your head.
You reflexively headbutt those who attack you in melee.


   Skills:
 + Level 4.2 Fighting
 + Level 3.1 Axes
 + Level 1.3 Throwing
 + Level 4.1 Armour
 + Level 4.2 Shields


You had 2 spell levels left.
You didn't know any spells.
Your spell library was empty.

Inventory:

Hand Weapons
 a - a +0 war axe (weapon) {axe}
 j - a +1 flail of holy wrath {mace}
   (You found it on level 2 of the Dungeon)
 l - a +3 dagger {short}
   (You took it off a goblin on level 2 of the Dungeon)
 y - a +2 dagger of venom {short}
   (You took it off a goblin on level 1 of the Dungeon)
Missiles
 i - 33 arrows
 m - 60 stones
 n - 3 javelins (quivered)
 v - 20 bolts
Armour
 b - a +0 scale mail
 c - a +0 buckler (worn)
 h - the +1 robe of Fallacy (worn) {*Corrode rC++ Int+8 Slay+6}
   (You found it on level 2 of the Dungeon)

   Int:       It affects your intelligence (+8).
   Slay:      It affects your accuracy & damage with ranged weapons and melee
   (+6).
   rC:        It greatly protects you from cold.
   *Corrode:  It may corrode you when you take damage.
Magical Staves
 e - a staff of cold {!astaff}
   (You found it on level 1 of the Dungeon)
Jewellery
 w - a ring of wizardry
   (You found it on level 1 of the Dungeon)
Wands
 r - a wand of polymorph (9)
   (You took it off Jessica on level 2 of the Dungeon)
Scrolls
 o - a scroll of fear {unknown}
 p - 2 scrolls of teleportation {unknown}
 q - a scroll of magic mapping {unknown}
 s - a scroll of fog {unknown}
 t - a scroll of enchant armour {unknown}
 x - a scroll of immolation {unknown}
Potions
 d - 2 potions of might
 f - a potion of degeneration {!q}
 k - a potion of brilliance {unknown}
 u - a potion of flight {unknown}
 A - a potion of ambrosia {unknown}

Dungeon Overview and Level Annotations

Branches:
Dungeon (3/15)

Altars:

######### #<.......#
#........# #.^......#
#........# ###
#........#
....#####........#
........#.......o#
....###.......o.@####
#................o.##
.#.......#.#.######..#
...........#.# #o....
####...##.##.#
##........
#........#..##....o#
##. #......###....?#
#..........#.###
#............#


You could see 2 orc priests and an orc.


Message History

A ball python comes into view.
The ball python hisses angrily.
You slash the ball python!
You kill the ball python!
You now have 130 gold pieces (gained 7).
A - a red potion A ball python comes into view.
The ball python hisses angrily.
The ball python barely misses you. The ball python misses you.
You slash the ball python!
You kill the ball python!
A kobold comes into view. It is wielding a +0 short sword.
The kobold shouts!
You hear a shout!
A goblin comes into view. It is wielding a +2 dagger of venom.
The kobold hits you with a +0 short sword. 😕 HP[-2]
You take 2 damage, and now have 31/33 hp.
You slash the kobold!
You kill the kobold!
Things that are here:
a +0 short sword {short}; 25 stones; a kobold corpse You slash the goblin!
You kill the goblin!
m - 39 stones (gained 25)
Things that are here:
a +0 short sword {short}; a kobold corpse
y - a +2 dagger of venom {short} You see here a goblin corpse. 😎 HP[+2]
Your hp is fully restored (33).
You see here a goblin corpse.
Things that are here:
a +0 short sword {short}; a kobold corpse Done exploring.
Done exploring.
Done exploring.
(D) Dungeon
Where to? (Enter - D:1, ? - help)
What level of the Dungeon? (default 1, ? - help)
There is a stone staircase leading down here.
You climb downwards.
There is a stone staircase leading up here.
There is a stone staircase leading down here.
You climb downwards.
There is a stone staircase leading up here.
No target in view!
No target in view!
m - 60 stones (gained 21)
A rat comes into view.
The rat bites you but does no damage.
You slash the rat!
You kill the rat!
Found a stone staircase leading down.
An orc priest comes into view. It is wielding a +0 short sword.
The orc priest shouts!
An orc priest comes into view. It is wielding a +0 trident of venom.
An orc comes into view. It is wielding a +0 club.
The orc shouts!
You now have 144 gold pieces (gained 14).
The orc priest shouts!
The orc priest looks braver for a moment.
The orc priest hits you from afar with a +0 trident of venom! 😕 HP[-8]
You take 8 damage, and now have 25/33 hp.
MASSIVE DAMAGE!! (PAUSE)
The orc priest hits you with a +0 trident of venom.
You are poisoned. 😮 HP[-5]
You take 5 damage, and now have 20/33 hp.
You hit the orc priest.
* * * LOW HITPOINT WARNING * * *
You feel very sick. The orc priest misses you.
The orc priest looks braver for a moment. 😨 HP[-5]
You take 5 damage, and now have 15/33 hp.
You feel very sick.
The orc priest hits you from afar with a +0 trident of venom.
* * * LOW HITPOINT WARNING * * *
Your corrosive artefact corrodes you!
You are more poisoned. 😱 HP[-8]
You take 8 damage, and now have 7/33 hp.
MASSIVE DAMAGE!! (PAUSE) It was a potion of haste.
You feel yourself speed up.
* * * LOW HITPOINT WARNING * * *
You feel very sick.
The orc priest barely misses you. 😱 HP[-3]
You take 3 damage, and now have 4/33 hp.
It was a potion of degeneration.
There was something very wrong with that liquid.
You feel weakened.
You feel dopey.
You feel clumsy.
* * * LOW HITPOINT WARNING * * *
You feel sick. 😱 HP[-2]
You take 2 damage, and now have 2/33 hp.
It was a potion of resistance.
You feel protected.
You die...

Skill      XL: |  1  2 |
---------------+-------+-----
Fighting       | 4 |  4.2
Axes           | 3 |  3.1
Throwing       | 1 |  1.3
Armour         | 4 |  4.1
Shields        | 4 |  4.2

Action                   || total
-------------------------++-------
Melee: War axe           ||    37
       Headbutt          ||     3
Throw: Javelin           ||     1
  Use: Potion            ||     3
Armor: Scale mail        ||     2
       Robe              ||     6
Dodge: Dodged            ||    23
Block: Buckler           ||     8

Levels and vault maps discovered:
D:1:      minmay_arrival_five_plusses, layout_loops_ring
D:2:      layout_basic, dreamdust_ecumenical_altar_statues,
          minmay_close_crescents, uniq_jessica
D:3:      layout_rooms, minmay_crystal_water, kennysheep_generic_room_2,
          uniq_ijyb

Notes
Turn   | Place    | Note
-------+----------+-------------------------------------------
     0 | D:1      | AmazingTV the Minotaur Fighter began the quest for the Orb.
     0 | D:1      | Reached XP level 1. HP: 19/19 MP: 0/0
     0 | D:1      | magus.rc [v1.9.6]
    12 | D:1      | You fall into a shaft and drop 1 floor!
    17 | D:2      | Reached XP level 2. HP: 27/27 MP: 1/1
    53 | D:2      | Identified the +1 robe of Fallacy {*Corrode rC++ Int+8
                  | Slay+6}
   238 | D:2      | Found a faded altar of an unknown god.
   807 | D:2      | Noticed Jessica
   819 | D:2      | Killed Jessica
   820 | D:2      | Reached skill level 4 in Fighting
   820 | D:2      | Reached skill level 3 in Axes
   820 | D:2      | Reached skill level 1 in Throwing
   820 | D:2      | Reached skill level 4 in Armour
   820 | D:2      | Reached skill level 4 in Shields
   820 | D:2      | Reached XP level 3. HP: 30/33 MP: 2/2
  1699 | D:3      | HP: 7/33 [orc priest (5)]
  1701 | D:3      | HP: 2/33 [poisoned by an orc priest]
  1702 | D:3      | Succumbed to an orc priest's poison

Vanquished Creatures
  Jessica (D:2)
  An adder (D:2)
  2 endoplasms (D:1)
  3 goblins
  7 hobgoblins
  A jackal (D:2)
  A quokka (D:2)
  4 ball pythons (D:1)
  3 bats (D:2)
  2 kobolds
  4 rats
29 creatures vanquished.

Table legend:
 A = Non-vault XP
 B = Vault XP
 C = Vault XP percentage of total XP
 D = Non-vault monster count
 E = Vault monster count
 F = Vault count percentage of total count
                 A         B        C        D         E       F
            +---------+---------+-------+---------+---------+-------
      Total |      48 |      45 |  48.4 |      23 |       6 |  20.7
            +---------+---------+-------+---------+---------+-------
        D:1 |      20 |       0 |   0.0 |      12 |       0 |   0.0
        D:2 |      27 |      45 |  62.5 |      10 |       6 |  37.5
        D:3 |       1 |       0 |   0.0 |       1 |       0 |   0.0
            +---------+---------+-------+---------+---------+-------

Illustrated notes

Table legend:
 A = Kills in this place as a percentage of kills in entire the game.
 B = Kills by you in this place as a percentage of kills by you in the entire game.
 C = Kills by friends in this place as a percentage of kills by friends in the entire game.
 D = Other kills in this place as a percentage of other kills in the entire game.
 E = Experience gained in this place as a percentage of experience gained in the entire game.
 F = Experience gained in this place divided by the number of levels of this place that you have seen.
                   A       B       C       D       E      F
               +-------+-------+-------+-------+-------+----------------------
         Total | 100.0 | 100.0 |   N/A |   N/A | 100.0 |  31.0
       Dungeon | 100.0 | 100.0 |   N/A |   N/A | 100.0 |  31.0
               +-------+-------+-------+-------+-------+----------------------

Table legend: (Time is in decaauts)
 A = Elapsed time spent in this place.
 B = Non-inter-level travel time spent in this place.
 C = Inter-level travel time spent in this place.
 D = Time resting spent in this place.
 E = Time spent auto-exploring this place.
 F = Levels seen in this place.
 G = Mean time per level.
                   A        B        C        D        E       F      G
               +--------+--------+--------+--------+--------+-----+--------+
         Total |   1717 |   1625 |     92 |     66 |   1358 |   3 |  572.3 |
       Dungeon |   1717 |   1625 |     92 |     66 |   1358 |   3 |  572.3 |
               +--------+--------+--------+--------+--------+-----+--------+

Top non-repeatable levels by time:
     D:2: 995 daAuts
     D:1: 682 daAuts
     D:3: 40 daAuts
